 Dungeon Crawl Stone Soup version 0.24-a0-518-g9d8d8d5b78 (webtiles) character file.

Game seed: 18101512370669022673

30 Mithandil the Conjurer (level 3, 0/19 HPs)
             Began as a Deep Elf Conjurer on July 23, 2019.
             Slain by a ball python (1 damage)
             ... on level 3 of the Dungeon.
             The game lasted 00:10:48 (1071 turns).

Mithandil the Conjurer (Deep Elf Conjurer)          Turns: 1071, Time: 00:10:51

Health: 0/19       AC:  3    Str:  6    XL:     3   Next: 5%
Magic:  7/10       EV: 10    Int: 19    God:
Gold:   38         SH:  0    Dex: 15    Spells: 6/9 levels left

rFire    . . .     SeeInvis .   a - +0 dagger
rCold    . . .     Gourm    .   (no shield)
rNeg     . . .     Faith    .   h - +1 robe
rPois    .         Spirit   .   (no helmet)
rElec    .         Reflect  .   (no cloak)
rCorr    .         Harm     .   (no gloves)
MR       .....                  (no boots)
Stlth    ++........             (no amulet)
HPRegen  0.06/turn              (no ring)
MPRegen  0.12/turn              (no ring)

@: constricted
A: no striking features
a: no special abilities


You were on level 3 of the Dungeon.
You were not hungry.

You visited 1 branch of the dungeon, and saw 4 of its levels.

You collected 38 gold pieces.

Inventory:

Hand Weapons
 a - a +0 dagger (weapon)
 b - a +0 short sword
Missiles
 e - 28 stones
 g - 2 throwing nets (quivered)
Armour
 h - a +1 robe (worn)
Potions
 i - a potion of brilliance
Comestibles
 c - a ration
 f - 2 chunks of flesh


   Skills:
 + Level 2.8 Dodging
 + Level 2.9 Stealth
 * Level 3.7 Spellcasting
 * Level 4.7 Conjurations


You had 6 spell levels left.
You knew the following spells:

 Your Spells              Type           Power        Failure   Level  Hunger
a - Magic Dart            Conj           ###.         1%          1    None
b - Searing Ray           Conj           ###...       3%          2    ##.....

Your spell library contained the following spells:

 Spells                   Type           Power        Failure   Level  Hunger
 Dazzling Spray           Conj/Hex       ##....       16%         3    ###....
 Iskenderun's Mystic Bla  Conj           ###.....     21%         4    ####...
 Force Lance              Conj/Tloc      ##......     45%         4    ####...
 Fulminant Prism          Conj/Hex       ##........   45%         4    ####...


Dungeon Overview and Level Annotations

Branches:
Dungeon (4/15)
 Temple: D:4-7

Altars:
Fedhas
Wu Jian

Portals:
Sewer: D:3

Annotations:
D:2 Sigmund


Message History

The orc priest is moderately wounded.
The giant cockroach bites you but does no damage.
The orc priest invokes the aid of Beogh against you.
You barely resist. The rat barely misses you.
The ball python closely misses you. The ball python constricts you.
The giant cockroach bites you but does no damage.
Unknown command.
Casting: Magic Dart (safe; 1% risk of failure)
Confirm with . or Enter, or press ? or * to list all spells.
Aiming: Magic Dart (safe; 1% risk of failure)
Press: ? - help, Shift-Dir - straight line, f/p - orc priest
Aim: an orc priest, wielding a +0 whip and wearing a +0 ring mail (moderately wounded)
The magic dart hits the orc.
The orc is almost dead.
The orc priest mumbles some strange prayers to Beogh against you.
Beogh smites you!
Ouch! That really hurt!
* * * LOW HITPOINT WARNING * * *
The rat closely misses you. The ball python misses you.
You die...

...... ..... ##
?..... .....#...
.....#
..l#...#.#.....#
....... .b......
#######..######oo...
.......[#≈≈rs#o.#
#.....#≈wrS@..#
#.....#≈≈rr#..#
#..#..#≈≈≈≈#..#
#...##.#≈≈≈≈#.####
#..## #.######....#
#.. #........##.....
#. ##)#...######...
# #...>........#..
#...#.#.........


You could see a worm, an orc priest, 2 orcs, a giant cockroach, a bat, a ball
python and 4 rats.

Vanquished Creatures
  An orc (D:3)
  7 bats
  2 giant cockroaches (D:1)
  5 goblins
  A hobgoblin (D:1)
  7 kobolds
  A ball python (D:1)
  A frilled lizard (D:1)
  A rat (D:1)
26 creatures vanquished.

Notes
Turn   | Place    | Note
-------+----------+-------------------------------------------
     0 | D:1      | Mithandil the Deep Elf Conjurer began the quest for the
                  | Orb.
     0 | D:1      | Reached XP level 1. HP: 10/10 MP: 6/6
   209 | D:1      | Reached XP level 2. HP: 10/15 MP: 2/8
   213 | D:1      | Learned a level 2 spell: Searing Ray
   978 | D:2      | Noticed Sigmund
   989 | D:3      | Reached XP level 3. HP: 19/19 MP: 6/10
  1044 | D:4      | Found a blossoming altar of Fedhas.
  1044 | D:4      | Found an ornate altar of the Wu Jian Council.
  1068 | D:3      | Found a glowing drain.
  1071 | D:3      | Slain by a ball python

Levels and vault maps discovered:
D:1:      roderic_octagonal_star, layout_loops_ring
D:2:      layout_basic, minmay_puff, uniq_sigmund
D:3:      layout_rooms, nicolae_overflow_hidden_temple, bloody_trog,
          serial_glass, glass_columns_a, glass_columns_a, glass_columns_a,
          glass_columns_a, glass_columns_a, glass_columns_c, first_ration,
          portal_sewer_entry_c, minivault_26
D:4:      layout_loops_ring, kennysheep_little_box, grunt_temple_overflow_open,
          minmay_temple_entry_ruins

Action                   || total
-------------------------++-------
Melee: Short sword       ||     3
 Cast: Magic Dart        ||    58
  Use: Scroll            ||     2
Armor: Robe              ||     7
Dodge: Dodged            ||    16

Table legend:
 A = Non-vault XP
 B = Vault XP
 C = Vault XP percentage of total XP
 D = Non-vault monster count
 E = Vault monster count
 F = Vault count percentage of total count
                 A         B        C        D         E       F
            +---------+---------+-------+---------+---------+-------
      Total |      44 |       0 |   0.0 |      26 |       0 |   0.0
            +---------+---------+-------+---------+---------+-------
        D:1 |      36 |       0 |   0.0 |      22 |       0 |   0.0
        D:2 |       2 |       0 |   0.0 |       1 |       0 |   0.0
        D:3 |       6 |       0 |   0.0 |       3 |       0 |   0.0
            +---------+---------+-------+---------+---------+-------
